 Dungeon Crawl Stone Soup version 0.28.0-53-g5a82cb258f (webtiles) character file.

Game seed: 10351023735315132651

43 Descartes the Grasshopper (level 3, 0/27 HPs)
             Began as a Formicid Warper on May 29, 2022.
             Was a Plaything of Xom.
             Slain by a ball python (3 damage)
             ... on level 2 of the Dungeon.
             The game lasted 00:01:28 (1493 turns).

Descartes the Grasshopper (Formicid Warper)         Turns: 1493, Time: 00:01:29

Health: 0/27       AC:  3    Str: 17    XL:     3   Next: 82%
Magic:  6/6        EV:  8    Int: 12    God:    Xom [......]
Gold:   29         SH:  0    Dex: 10    Spells: 6/6 levels left

rFire   . . .      SeeInvis +   a - +0 mace
rCold   . . .      Faith    .   (no shield)
rNeg    . . .      Spirit   .   b - +0 leather armour
rPois   .          Reflect  .   (helmet unavailable)
rElec   .          Harm     .   (no cloak)
rCorr   .          Rampage  .   (no gloves)
Will    .....                   (no boots)
Stlth   +.........              (no amulet)
HPRegen 0.09/turn               (no ring)
MPRegen 0.10/turn               (no ring)

@: constricted
A: permanent stasis, dig shafts and tunnels, antennae 3, four strong arms
a: Dig, Shaft Self, Renounce Religion


You were on level 2 of the Dungeon.
You worshipped Xom.
You were a very special plaything of Xom.
You visited 1 branch of the dungeon, and saw 2 of its levels.

You collected 29 gold pieces.

Inventory:

Hand Weapons
 a - a +0 mace (weapon)
Missiles
 c - 5 boomerangs of dispersal (quivered)
 f - 31 stones
Armour
 b - a +0 leather armour (worn)
Scrolls
 d - a scroll of immolation {unknown}
 e - a scroll of teleportation {unknown}
 g - a scroll of magic mapping {unknown}


   Skills:
 - Level 2.1 Fighting
 + Level 2.5 Maces & Flails
 - Level 1.0 Throwing
 + Level 2.1 Armour
 - Level 1.7 Dodging
 + Level 1.5 Shields
 - Level 2.1 Spellcasting
 + Level 3.1 Translocations


You had 6 spell levels left.
You didn't know any spells.
Your spell library contained the following spells:

 Spells                   Type           Power      Damage    Failure   Level
 Gell's Gravitas          Tloc           8%         N/A       26%         3
 Lesser Beckoning         Tloc           8%         N/A       26%         3
 Teleport Other           Tloc           8%         N/A       26%         3
 Manifold Assault         Tloc           8%         N/A       94%         5
 Blink                    Tloc           Unusable   N/A       N/A         2

Dungeon Overview and Level Annotations

Branches:
Dungeon (2/15)

Altars:
Xom


Innate Abilities, Weirdness & Mutations

You cannot be hasted, slowed, berserked, paralysed or teleported.
You can dig through walls and to a lower floor.
You have a pair of large antennae on your head. (SInv)
Your four strong arms can wield two-handed weapons with a shield.


Message History

You closely miss the adder.
The adder is lightly wounded.
The adder closely misses you. The adder barely misses you.
You closely miss the adder.
The adder is lightly wounded.
The adder misses you.
You hit the adder but do no damage.
The adder is lightly wounded.
The adder closely misses you. The ball python closely misses you.
The ball python misses you. The adder bites you.
The ball python barely misses you. The ball python grabs you.
The ball python constricts you.
You hit the adder.
The adder is moderately wounded.
The adder bites you. The ball python bites you. The ball python constricts you.
The adder barely misses you.
You hit the ball python.
The ball python is severely wounded.
The ball python bites you but does no damage.
The ball python constricts you. The adder barely misses you.
The ball python closely misses you. The ball python constricts you.
The ball python's grasp on you weakens, but your attempt to escape fails.
The adder bites you. The ball python bites you. The ball python constricts you.
* * * LOW HITPOINT WARNING * * *
The adder barely misses you.
The ball python's grasp on you weakens, but your attempt to escape fails.
The ball python barely misses you. The ball python constricts you.
The adder bites you.
* * * LOW HITPOINT WARNING * * *
You escape the ball python's grasp.
The adder closely misses you. The ball python misses you.
The ball python grabs you. The ball python constricts you.
* * * LOW HITPOINT WARNING * * *
Unknown command.
You barely miss the adder.
The adder is moderately wounded.
The adder bites you.
* * * LOW HITPOINT WARNING * * *
The ball python bites you.
You die...

.. #.. ...... #.#... #
#....# .# ##...###.# .
#.......... #...#.#.#
#.####.S@...#
#.......S.###
######.#### .. ##'##
#.# ##...## ..###
##.....## ..##.##
##.......#
#.....####..........#
#........'............


You could see an adder and a ball python.

Vanquished Creatures
  3 ball pythons (D:1)
  An endoplasm (D:1)
  9 giant cockroaches (D:1)
  3 goblins (D:1)
  4 hobgoblins (D:1)
  4 jackals (D:1)
  3 quokkas (D:1)
  A bat (D:1)
  3 frilled lizards
  2 kobolds
  A rat (D:1)
34 creatures vanquished.

Notes
Turn   | Place    | Note
-------+----------+-------------------------------------------
     0 | D:1      | Descartes the Formicid Warper began the quest for the Orb.
     0 | D:1      | Reached XP level 1. HP: 16/16 MP: 3/3
   124 | D:1      | Reached XP level 2. HP: 10/22 MP: 5/5
   503 | D:1      | Found Nynoo's Distillery.
   508 | D:1      | Reached skill level 1 in Shields
   952 | D:1      | Reached XP level 3. HP: 27/27 MP: 6/6
   969 | D:1      | Reached skill level 3 in Translocations
  1416 | D:2      | Found a faded altar of an unknown god.
  1422 | D:2      | Prayed at the altar of an unknown god.
  1422 | D:2      | Became a worshipper of Xom of Chaos
  1478 | D:2      | XOM: potion effect (heal wounds)
  1493 | D:2      | Slain by a ball python

Illustrated notes

Levels and vault maps discovered:
D:1:      dpeg_arrival_short_road, layout_basic, serial_shops,
          nicolae_shop_stone, supply_closet_lemuel, minmay_worlds_worst_comb
D:2:      layout_loops_corners, nicolae_ecumenical_pavilion,
          minmay_increasing_density

Skill      XL: |  1  2  3 |
---------------+----------+-----
Shields        | 1 |  1.5
Translocations | 3 |  3.1
Armour         | 2 |  2.1
Fighting       | |  2.1
Maces & Flails | |  2.5
Throwing       | |  1.0
Dodging        | |  1.7
Spellcasting   | |  2.1

Action                   || total
-------------------------++-------
Melee: Mace              ||   105
Armor: Leather armour    ||    33
Dodge: Dodged            ||    85
